Alex, neutral male human Archeologist ---------------- |..............| ----- |.......^..>.... ####....| |..............| ###|....# #+ |............).-######|...|# # -|--------.----- # #---- # ## # #################### # # # # ` # ##### --------|----- # # ## # # |...........^.##################----------- #####--------- - - |............| + # #..........| # #-.@.{.......| |.............###### #|.........| ##|...........| -------------- # #|.........| ............| #........... |...........| |.<.......| ------------- ----------- Alex the Digger Experience level: 1 Strength: 12 Dexterity: 8 Constitution: 12 Intelligence: 17 Wisdom: 15 Charisma: 12 Health: 0(19) Energy: 3(3) Def: 2 Gold: 1463 Moves: 2349 Dungeon seed: Dl4RmLXa6CR0xvme Game ID: Alex_1690487211 Your Inventory: Coins $ - 1463 gold pieces Weapons a - an uncursed +2 bullwhip Armor e - an uncursed +0 leather jacket (being worn) n - an uncursed +0 fedora r - an uncursed +0 pair of leather gloves (being worn) y - an uncursed +0 orcish helm Comestibles b - 2 uncursed food rations j - 2 uncursed fortune cookies p - an uncursed lichen corpse Scrolls l - an uncursed scroll of enchant armor Spellbooks h - an uncursed spellbook of force bolt Potions m - an uncursed potion of booze Tools c - an uncursed oil lamp (0:1082) d - an uncursed +0 pick-axe (weapon in hand) f - an uncursed tinning kit (0:48) g - an uncursed sack Gems q - 2 uncursed touchstones Spells and supernatural/magical abilities: Name Level Category Cost Memory W - pray for help -- divine ? -- Your skills at the end: Fighting Skills wands [Basic] Weapon Skills pick-axe [Basic] whip [Basic] Spellcasting Skills Final Attributes: You were fervently aligned. You were stealthy. You were fast. You last prayed 641 turns ago. Camaxtli was noncommittal. You are dead. Vanquished creatures: a rothe 2 hobbits 2 yellow molds a gecko a jackal 2 foxes 4 goblins a grid bug 3 lichens a kobold zombie 3 newts 21 creatures vanquished. Voluntary challenges: You never hit with a wielded weapon. You were a pacifist. You were illiterate. You never genocided any monsters. You never polymorphed an object. You never changed form. You used no wishes. You never split a pudding. You never wrote Elbereth's name. You never violated your personal moral code. Dungeon overview: The Dungeons of Doom: levels 1 to 6 Level 1 many fountains a long staircase Level 2 a fountain Level 3 a potion shop, a fountain Level 4 some fountains, a vault stairs to The Gnomish Mines Level 5 <- You were here a fountain, a vault Level 6 The Gnomish Mines: Level 5 stairs to The Dungeons of Doom History has recorded: On T:1 you entered the Dungeons of Doom to retrieve the Amulet of Yendor! On T:16 you reached level 2 of The Dungeons of Doom. On T:334 you reached level 3 of The Dungeons of Doom. On T:1041 you reached level 4 of The Dungeons of Doom. On T:1342 you reached level 1 of The Gnomish Mines. On T:1471 you reached level 5 of The Dungeons of Doom. On T:2289 you reached level 6 of The Dungeons of Doom. Score breakdown: Gold: 1463 (10768 points) Experience: 1 level ( 0 points) Exploration: 6 levels ( 11.76%) ( 9486 points) Discoveries: 0 items ( 0.00%) ( 0 points) Valuables value: (no points given unless you survive) Artifact value: 0 ( 0 points) Variety of kills: 11 monsters ( 2.89%) ( 5104 points) Turncount: 2349 turns ( -238 points) Survival: died (score multiplied by 80%) Total score: 20096 Latest messages: The crude dagger misses the floating eye. [2 turns] (2x) You see here a two-handed sword. Your speed returns. [2 turns] The large cat speeds up. You slow down under the floating eye's gaze. The large cat slows down under the floating eye's gaze. [2 turns] (2x) You swing your pick-axe through thin air. [2 turns] (5x) You hear some noises in the distance. It slows down under the floating eye's gaze! [2 turns] (3x) Your speed returns. [2 turns] You hear some noises in the distance. You stop exploring. You hear some noises in the distance. You hear the footsteps of a guard on patrol. This level must be housing a vault. You hear a door open. A rock piercer suddenly drops from the ceiling! You are hit by a falling rock piercer! You die... For some reason, you think that you can almost hear the Wizard laugh manically... Final status: Goodbye Alex the Archeologist, killed by a rock piercer... You died in The Dungeons of Doom on dungeon level 5 with 20096 points, and 1463 pieces of gold, after 2349 moves. You were level 1 with a maximum of 19 hit points when you died.